 Dungeon Crawl Stone Soup version 0.31-a0-229-g1fc7ce93e2 (webtiles) character file.

Game seed: 13495278829451392517

21 qw the Shooter (level 2, -19/17 HPs)
             Began as a Gargoyle Hexslinger on July 6, 2023.
             Killed by an exploding goblin (36 damage)
             ... ignited by their inner flame
             ... on level 1 of the Dungeon.
             The game lasted 00:00:15 (683 turns).

qw the Shooter (Gargoyle Hexslinger)                 Turns: 683, Time: 00:00:15

Health: -19/17     AC:  4    Str: 11    XL:     2   Next: 87%
Magic:  3/3        EV: 12    Int: 13    God:
Gold:   37         SH:  0    Dex: 12    Spells: 2/3 levels left

rFire   . . .        Y - +1 sling
rCold   . . .        (no shield)
rNeg    + . .        c - +0 robe
rPois   inf          (no helmet)
rElec   +            (no cloak)
rCorr   .            (no gloves)
SInv    .            (no boots)
Will    .....        (no amulet) Stlth
                     (no ring)
HPRegen 0.22/turn    (no ring)
MPRegen 0.08/turn

%: no passive effects
@: silenced, very slow
A: sickness immunity, AC +2, negative energy resistance 1, electricity
resistance, torment resistance 1, petrification resistance
a: no special abilities


You were on level 1 of the Dungeon.
You visited 1 branch of the dungeon, and saw 1 of its levels.

You collected 37 gold pieces.


Innate Abilities, Weirdness & Mutations

You are immune to sickness and miasma.
Your stone body is resilient. (AC +2)
You are immune to poison.
You resist negative energy. (rN+)
You are resistant to electric shocks. (rElec)
You are resistant to unholy torment.
You are immune to petrification.


   Skills:
 + Level 1.8 Fighting
 - Level 3.0 Ranged Weapons
 - Level 1.5 Dodging
 - Level 1.0 Spellcasting
 - Level 2.6 Hexes


You had 2 spell levels left.
You knew the following spells:

 Your Spells              Type           Power      Damage    Failure   Level
a - Slow                  Hex            28%        N/A       10%         1

Your spell library contained the following spells:

 Spells                   Type           Power      Damage    Failure   Level
 Inner Flame              Hex/Fire       4%         N/A       43%         3
 Portal Projectile        Hex/Tloc       8%         N/A       43%         3
 Cause Fear               Hex            3%         N/A       67%         4

Inventory:

Hand Weapons
 Y - a +1 sling (weapon)
Armour
 c - a +0 robe (worn)
Scrolls
 g - a scroll of fog {unknown}
Potions
 f - a potion of curing {unknown}

Dungeon Overview and Level Annotations

Branches:
Dungeon (1/15)

Altars:


Message History

Enter note:
Enter note:
Enter note:
Enter note:
679 ||| READING scroll labelled DAMUAD QEMMO.
As you read the scroll labelled DAMUAD QEMMO, it crumbles to dust.
The creatures around you are filled with an inner flame!
It was a scroll of immolation.
680 ||| READING scroll labelled ECYVICWEDU.
As you read the scroll labelled ECYVICWEDU, it crumbles to dust.
A profound silence engulfs you.
It was a scroll of silence.
681 ||| DROPPING scroll of poison.
You drop a scroll of poison.
Enter note:
Enter note:
Enter note:
Enter note:
Enter note: The goblin misses you. The goblin barely misses you.
Enter note:
Enter note:
Enter note:
Enter note:
Enter note:
Enter note:
Enter note:
Enter note:
Enter note:
Enter note: You shoot a sling bullet.
The sling bullet hits the goblin.
The goblin explodes!
The fiery explosion engulfs the plant!!!
The plant begins to die.
The plant is moderately damaged.
The fiery explosion engulfs the plant!!
The plant begins to die.
The plant is lightly damaged.
The fiery explosion engulfs the plant!!
The plant begins to die.
The plant is lightly damaged.
The fiery explosion engulfs you!!!
Ouch! That really hurt!
You die...

####....###......
...............#. .
####.:..######.## ..
#....##......# ...
#....##......# ....
#....##....... .....
#####....##.......
......#PP~~~...##.......
.....¤P@P~P~~..##.......
.....¤¤P?~~P~~#######.#.
#....#P~~~~~PP# #....
#......~7777P~# ##.#..
#....P~~~ ~~.# #....#
#...P.~77 ~~P####.#...
.....P7 ~~PP.......#
..~P7 7~PP##.#.#.. ..~P
~7 #.......


There were no monsters in sight!

Vanquished Creatures
  3 endoplasms (D:1)
  5 goblins (D:1)
  4 jackals (D:1)
  A ball python (D:1)
  4 bats (D:1)
  3 rats (D:1)
20 creatures vanquished.

Notes
Turn   | Place    | Note
-------+----------+-------------------------------------------
     0 | D:1      | qw the Gargoyle Hexslinger began the quest for the Orb.
     0 | D:1      | Reached XP level 1. HP: 12/12 MP: 2/2
     0 | D:1      | 0 ||| qw: Version: 0.3-a-46-gb1f654a
     0 | D:1      | 0 ||| qw: Game counter: 1266
     0 | D:1      | 0 ||| qw: Melee chars always use a shield: true
     0 | D:1      | 0 ||| qw: God list: Okawaru
     0 | D:1      | 0 ||| qw: Allow faded altars: false
     0 | D:1      | 0 ||| qw: Do Orc after clearing Dungeon:15 true
     0 | D:1      | 0 ||| qw: Do second Lair branch before Depths: true
     0 | D:1      | 0 ||| qw: Lair rune preference: random
     0 | D:1      | 0 ||| qw: Goals: Normal
     0 | D:1      | 0 ||| PLANNING D:1-11
    64 | D:1      | 64 ||| Stepping ~*~*~tactically~*~*~ (water).
   109 | D:1      | Reached XP level 2. HP: 16/16 MP: 3/3
   395 | D:1      | Reached skill level 3 in Ranged Weapons
   679 | D:1      | 679 ||| READING scroll labelled DAMUAD QEMMO.
   680 | D:1      | 680 ||| READING scroll labelled ECYVICWEDU.
   681 | D:1      | 681 ||| DROPPING scroll of poison.
   683 | D:1      | Killed by an exploding goblin... ignited by their inner
                  | flame

Levels and vault maps discovered:
D:1:      minmay_arrival_nine_rooms, layout_basic, serial_bayou,
          serial_bayou_shore_a, serial_bayou_ford_a, serial_bayou_pond_d,
          serial_bayou_lagoon_a, nicolae_kite_square_tiling_tiny,
          minmay_domino_4

Skill      XL: |  1  2 |
---------------+-------+-----
Ranged Weapons | 3 |  3.0
Fighting       | |  1.8
Dodging        | |  1.5
Spellcasting   | |  1.0
Hexes          | |  2.6

Action                     || total
---------------------------++-------
   Fire: Sling             ||    71
    Use: Scroll            ||     2
 Armour: Robe              ||    17
  Dodge: Dodged            ||    35

Table legend:
 A = Non-vault XP
 B = Vault XP
 C = Vault XP percentage of total XP
 D = Non-vault monster count
 E = Vault monster count
 F = Vault count percentage of total count
                 A         B        C        D         E       F
            +---------+---------+-------+---------+---------+-------
      Total |      25 |       8 |  24.2 |      16 |       4 |  20.0
            +---------+---------+-------+---------+---------+-------
        D:1 |      25 |       8 |  24.2 |      16 |       4 |  20.0
            +---------+---------+-------+---------+---------+-------
